Map: Abyssal Reef LE

Players

jheffe - Winner!

  • Race: Terran Terran
  • League: Grandmaster
  • Spawn Location: 11:00

A.I. 2 (Harder)

  • Race: Zerg Zerg
  • Spawn Location: 5:00

VOD

Have the link to the VOD?

Description

Time

  • Played on: May 15, 2017, 10:03 a.m.
  • Length: 9:33
Show
View Real Time Build Order
Export as new Build Order

jheffe Terran - Winner!

Build Orders: Reaper Expand, Hellion Banshee, MMM Bio 

Get SALT Encoding   

  12  0:01  SCV  
  13  0:13  SCV  
  14  0:17  Supply Depot  
  14  0:25  SCV  
  15  0:29  Refinery  
  15  0:39  SCV  
  16  0:45  Barracks  
  16  0:52  SCV  
  17  1:04  SCV  
  18  1:16  SCV  
  19  1:32  Reaper  
  21  1:33  Orbital Command  
  20  1:44  Command Center  
  20  1:55  Factory  
  20  1:58  SCV  
  21  2:03  Refinery  
  21  2:07  Barracks Reactor  
  21  2:10  SCV  
  22  2:17  Supply Depot  
  22  2:23  SCV  
  23  2:38  SCV  
  23  2:39  Starport  
  24  2:50  SCV  
  25  2:52  Hellion x2  
  25  2:56  Barracks Tech Lab  
  29  3:00  Orbital Command  
  29  3:04  SCV  
  30  3:14  Hellion x2  
  30  3:18  SCV  
  35  3:24  Cloaking Field  
  35  3:26  SCV  
  36  3:29  Banshee  
  36  3:32  SCV  
  40  3:39  SCV  
  41  3:41  Supply Depot  
  41  3:42  Barracks Tech Lab  
  41  3:44  SCV  
  42  3:52  Hellion x2  
  46  4:03  SCV x2  
  46  4:07  Supply Depot  
  48  4:15  SCV  
  48  4:16  Command Center  
  49  4:18  SCV  
  49  4:19  Banshee  
  53  4:26  Marine  
  53  4:27  Stimpack  
  53  4:29  SCV  
  53  4:31  SCV  
  56  4:35  Supply Depot  
  56  4:38  Barracks  
  56  4:39  Factory Reactor  
  56  4:43  Barracks  
  56  4:44  SCV  
  57  4:49  Marine  
  57  4:50  SCV  
  59  4:57  Engineering Bay  
  59  4:59  Engineering Bay  
  59  5:00  SCV  
  59  5:02  SCV  
  61  5:08  Marine  
  61  5:12  Refinery, SCV  
  61  5:13  Refinery  
  63  5:14  SCV  
  63  5:16  Starport Reactor  
  64  5:24  SCV  
  64  5:26  Marine x3  
  64  5:27  SCV  
  69  5:31  Terran Infantry Armor Level 1, Terran Infantry Weapons Level 1  
  70  5:36  Factory Reactor  
  70  5:40  Orbital Command  
  69  5:44  Marine x5  
  69  5:48  SCV  
  75  5:50  Supply Depot  
  75  5:51  SCV  
  75  5:52  Supply Depot  
  75  5:53  Medivac  
  75  5:54  Medivac  
  75  5:56  Orbital Command  
  77  6:00  SCV  
  77  6:02  Marine x5  
  83  6:05  SCV  
  81  6:13  Widow Mine x2, Supply Depot  
  85  6:19  Marine  
  85  6:20  Marine x3  
  85  6:21  Supply Depot  
  85  6:24  SCV x2  
  85  6:25  Marine  
  92  6:31  Combat Shields  
  92  6:33  SCV  
  92  6:36  SCV  
  92  6:37  Marine x2  
  92  6:38  Marine x2  
  98  6:40  Armory, Medivac x2  
  98  6:42  SCV  
  103  6:48  SCV x2  
  103  6:49  Marine  
  104  6:54  Barracks  
  104  6:56  Barracks  
  104  7:04  Marine x4  
  104  7:05  Widow Mine x2  
  112  7:09  SCV x2, Supply Depot  
  112  7:10  SCV, Supply Depot  
  112  7:11  Supply Depot  
  112  7:14  Marine  
  116  7:19  Supply Depot  
  116  7:21  SCV  
  117  7:30  Marine x3  
  117  7:31  SCV x2, Medivac x2  
  126  7:40  Marine x2, Supply Depot  
  126  7:42  Supply Depot  
  129  7:44  Barracks Reactor  
  129  7:46  Barracks Reactor, SCV  
  129  7:48  Marine  
  130  7:51  Marine x2  
  130  7:52  Widow Mine x2  
  130  7:58  Marine  
  137  7:59  Marine  
  137  8:04  Medivac x2  
  142  8:06  Marine  
  142  8:09  Marine x2  
  145  8:12  Refinery  
  145  8:16  Marine  
  145  8:17  Marine  
  145  8:19  Barracks x2  
  147  8:20  Widow Mine x2, Barracks  
  147  8:24  Marine  
  152  8:27  Marine x2, Supply Depot  
  152  8:28  Marine x4  
  152  8:29  Supply Depot  
  152  8:33  Marine  
  152  8:34  Marine, Medivac  
  162  8:42  Marine  
  162  8:45  Marine x2  
  162  8:46  Marine x2  
  165  8:48  Marine x2  
  165  8:51  Marine  
  165  8:53  Marauder  
  165  8:55  Supply Depot  
  170  8:59  Marine  
  170  9:01  Command Center  
  171  9:02  Marine  
  171  9:03  Marine  
  171  9:04  Marine x2  
  171  9:06  Marine x2  
Show
View Real Time Build Order
Export as new Build Order

A.I. 2 (Harder) Zerg 

Build Orders: Hatch First 

Get SALT Encoding   

  12  0:01  Drone  
  13  0:12  Overlord  
  13  0:17  Drone  
  14  0:31  Drone x2  
  14  0:34  Drone  
  17  0:55  Drone, Hatchery  
  17  1:11  Spawning Pool  
  16  1:13  Drone  
  16  1:16  Drone  
  18  1:18  Extractor  
  18  1:21  Drone  
  18  1:28  Overlord  
  18  1:38  Drone  
  19  1:59  Queen  
  19  2:00  Zergling x4  
  23  2:02  Roach Warren  
  23  2:06  Drone  
  23  2:07  Extractor  
  22  2:11  Drone  
  23  2:23  Drone  
  23  2:37  Zergling x2  
  23  2:42  Roach  
  23  2:43  Overlord  
  25  2:47  Zergling x2  
  26  2:53  Zergling x2  
  27  2:59  Roach  
  27  3:01  Lair, Baneling Nest  
  28  3:07  Roach  
  30  3:31  Extractor  
  29  3:34  Drone  
  29  3:38  Drone  
  29  3:39  Extractor  
  30  3:42  Drone  
  30  3:45  Baneling  
  31  3:48  Zergling x2  
  31  3:55  Drone  
  33  3:59  Drone  
  34  4:03  Drone  
  34  4:06  Overlord, Drone  
  36  4:13  Spire  
  36  4:16  Drone  
  36  4:20  Drone  
  36  4:23  Drone  
  38  4:26  Drone  
  38  4:29  Drone  
  39  4:33  Drone  
  39  4:37  Drone  
  41  4:40  Zergling x2  
  42  4:47  Drone  
  42  4:50  Drone  
  41  4:54  Drone  
  41  4:59  Drone  
  42  5:04  Drone  
  39  5:09  Drone  
  39  5:11  Drone  
  38  5:16  Zergling x2  
  38  5:19  Drone  
  39  5:23  Drone  
  39  5:25  Mutalisk  
  39  5:27  Drone  
  40  5:31  Drone  
  40  5:32  Mutalisk  
  40  5:35  Drone  
  35  5:47  Queen  
  32  5:51  Zergling x2  
  32  5:56  Zergling x2  
  30  6:02  Zergling x2  
  31  6:07  Drone  
  33  6:11  Drone  
  33  6:15  Baneling  
  33  6:16  Zergling x2  
  34  6:20  Drone  
  34  6:24  Drone  
  36  6:27  Drone  
  36  6:31  Drone  
  38  6:34  Drone  
  38  6:37  Drone  
  40  6:42  Zergling x2  
  41  6:48  Zergling x2  
  41  6:53  Baneling x2, Zergling x2  
  42  6:59  Zergling x2  
  43  7:05  Baneling  
  37  7:10  Mutalisk  
  39  7:16  Mutalisk  
  39  7:22  Zergling x2  
  42  7:28  Overlord, Zergling x2  
  43  7:34  Zergling x2  
  37  7:39  Mutalisk  
  37  7:41  Queen  
  41  7:45  Baneling  
  41  7:46  Baneling x2  
  41  7:51  Zergling x2  
  41  7:57  Zergling x2  
  43  8:03  Drone, Zergling x2  
  43  8:04  Drone  
  46  8:07  Drone  
  46  8:08  Zergling x2  
  46  8:10  Drone  
  50  8:12  Drone  
  50  8:14  Mutalisk  
  50  8:16  Drone  
  53  8:21  Drone  
  53  8:26  Zergling x2  
  17  8:54  Drone x2  
Tags
 
Add a new tag
Caveats
  • Supply blocks, unpowered buildings, or Contaminate may cause inaccurate times.
  • Supply counts are checked every 10 seconds.